 Dungeon Crawl Stone Soup version 0.31-a0-983-g7b6862f502 (webtiles) character file.

Game seed: 1308489804060261536

185 Konar the Shield-Bearer (level 5, -1/4 HPs)
             Began as an Armataur Fighter on Nov 2, 2023.
             Slain by an orc
             ... wielding a +0 dagger
              (3 damage)
             ... on level 3 of the Dungeon.
             The game lasted 00:05:03 (1762 turns).

Konar the Shield-Bearer (Armataur Fighter)          Turns: 1762, Time: 00:05:04

Health: -1/4       AC:  5    Str: 23    XL:     5   Next: 37%
Magic:  5/5        EV:  6    Int:  8    God:
Gold:   236        SH: 14    Dex: 15    Spells: 4/4 levels left

rFire   . . .        a - +0 war axe
rCold   . . .        p - +1 tower shield "Ilaimuch" {rCorr}
rNeg    . . .        b - melded +0 scale mail
rPois   .            (no helmet)
rElec   .            (no cloak)
rCorr   +            t - +1 pair of gloves of the Blushing Gods {Dex+5}
SInv    .            (no barding)
Will    +....        (no amulet)
Stlth   +            h - ring of willpower
HPRegen 0.20/turn    (no ring)
MPRegen 0.09/turn

%: roll
@: maw-form
A: devouring maw, reduced hp, large, rugged brown scales 3, deformed body,
armoured tail, roll, long tongue, awkward tongue
a: Begin Untransformation


You were on level 3 of the Dungeon.
You were a creature with a mouth for a stomach.
You visited 1 branch of the dungeon, and saw 3 of its levels.

You collected 236 gold pieces.

Inventory:

Hand Weapons
 a - a +0 war axe (weapon)
Missiles
 g - 5 atropa-tipped darts
Armour
 b - a +0 scale mail (melded)
 c - a +0 buckler
 p - the +1 tower shield "Ilaimuch" (worn) {rCorr}
   (You found it on level 2 of the Dungeon)

   rCorr:     It protects you from acid and corrosion.
 t - the +1 pair of gloves of the Blushing Gods (worn) {Dex+5}
   (You found it on level 3 of the Dungeon)

   Dex+5:     It affects your dexterity (+5).
Jewellery
 h - a ring of willpower (left hand)
Talismans
 s - a maw talisman (active)
Wands
 n - a wand of light (8)
Scrolls
 e - 2 scrolls of revelation {unknown}
 i - a scroll of brand weapon {unknown}
 j - 8 scrolls of identify {unknown}
 m - a scroll of teleportation {unknown}
 o - a scroll of fear {unknown}
 q - a scroll of enchant weapon {unknown}
 r - a scroll of noise {unknown}
 u - 3 scrolls of vulnerability {unknown}
Potions
 d - a potion of might
 f - a potion of heal wounds
 k - a potion of cancellation {unknown}
 l - a potion of haste {unknown}


   Skills:
 + Level 3.2 Fighting
 + Level 3.0(3.1) Axes
 * Level 1.0(2.1) Polearms
 - Level 4.2 Armour
 + Level 0.4 Dodging
 * Level 4.4 Shields


You had 4 spell levels left.
You didn't know any spells.
Your spell library contained the following spells:

 Spells                   Type           Power      Damage    Failure   Level
 Ensorcelled Hibernation  Hex/Ice        0%         N/A       98%         2
 Jinxbite                 Hex            0%         N/A       98%         2
 Tukima's Dance           Hex            0%         N/A       100%        3
 Anguish                  Hex/Necr       0%         N/A       100%        4
 Passage of Golubria      Tloc           0%         N/A       100%        4
 Yara's Violent Unravell  Hex/Tmut       0%         3d3       100%        5
 Haunt                    Necr/Summ      0%         N/A       100%        7
 Borgnjor's Revivificati  Necr           0%         N/A       100%        8
 Chain Lightning          Conj/Air       0%         N/A       100%        9
 Death's Door             Necr           0%         N/A       100%        9
 Fire Storm               Conj/Fire      0%         5d1       100%        9
 Shatter                  Erth           0%         3d5*      100%        9


Dungeon Overview and Level Annotations

Branches:
Dungeon (3/15)

Altars:


Innate Abilities, Weirdness & Mutations

You are a creature with a mouth for a stomach.
Your midsection houses a second, enormous mouth.
Your maximum health is decreased, since you lack skill for your form.
You are completely covered in rugged brown scales. (AC +3, +7% HP)
Armour fits poorly on your strangely shaped body.
You have a long armoured tail.
You roll when moving toward enemies. (Rampage)
Your long tongue fully drains potion bottles. (2x potion effects)
Your tongue gives you trouble enunciating. (1.5x scroll delay)


Message History

No target in view!
No target in view!
No target in view!
No target in view!
No target in view!
No target in view!
No target in view!
No target in view!
No target in view!
No target in view!
The quokka bites you but does no damage.
You block the quokka's attack.
You closely miss the quokka. You bite the quokka.
The quokka is heavily wounded.
You block the quokka's attack.
You closely miss the quokka. You bite the quokka.
You kill the quokka!
No target in view!
No target in view!
No target in view!
No target in view!
No target in view!
No target in view!
No target in view!
No target in view!
You now have 236 gold pieces (gained 17).
You see here a quokka corpse.
An orc and an orc wizard come into view.
The orc shouts!
The orc wizard shouts!
An orc comes into view. It is wielding a +0 dagger.
The orc shouts!
The orc wizard gestures wildly while chanting.
The orc wizard flickers and vanishes!
Deactivating autopickup; reactivate with Ctrl-A.
You closely miss the orc. Your bite misses the orc.
The orc hits you with a +0 dagger.
Ouch! That really hurt!
You block the orc's attack. The orc hits you with a +0 dagger.
Ouch! That really hurt!
You die...

#.....# #...#.#
###...# ###....##
#♣.#....# #.....###
#.......#
########.#...#
#oW.##....#†.#
#...o#..#....##.##
#....#...#.####..# #
#....#.......###.#####
####.###.....###......
###....#.♣#.....###
#....#....#####
#...###.##.### # #.#.
#.##...## #


You could see 2 orcs.

Vanquished Creatures
  A water moccasin (D:3)
  3 adders (D:2)
  2 worms
  A dart slug (D:1)
  An orc (D:3)
  6 ball pythons
  4 endoplasms
  5 goblins
  6 hobgoblins
  4 jackals (D:1)
  A kobold (D:2)
  2 quokkas
  A bat (D:2)
  3 frilled lizards
  7 rats
47 creatures vanquished.

Notes
Turn   | Place    | Note
-------+----------+-------------------------------------------
     0 | D:1      | Konar the Armataur Fighter began the quest for the Orb.
     0 | D:1      | Reached XP level 1. HP: 19/19 MP: 1/1
   237 | D:1      | Reached XP level 2. HP: 26/26 MP: 2/2
   827 | D:2      | Reached XP level 3. HP: 32/32 MP: 3/3
  1078 | D:2      | Identified the +1 tower shield "Ilaimuch" {rCorr}
  1347 | D:3      | Noticed a water moccasin
  1349 | D:3      | Reached XP level 4. HP: 40/40 MP: 4/4
  1354 | D:3      | Killed a water moccasin
  1355 | D:3      | Reached XP level 5. HP: 35/48 MP: 5/5
  1511 | D:3      | Reached skill level 1 in Polearms
  1622 | D:3      | Identified the +1 pair of gloves of the Blushing Gods
                  | {Dex+5}
  1762 | D:3      | Slain by an orc

Illustrated notes

Levels and vault maps discovered:
D:1:      giann_forest_graveyard, layout_basic, minmay_misc_feat_alley,
          minmay_parallelograms, reono_crystal_passage, minmay_misc_feat_roman,
          columned_hall_lemuel
D:2:      layout_rooms
D:3:      layout_rooms, hangedman_decor_push, serial_bayou_ford_a

Skill      XL: |  1  2  3  4  5 |
---------------+----------------+-----
Axes           | 2 3 |  3.0
Armour         | 4 |  4.2
Fighting       | 3 |  3.2
Shields        | 4 |  4.4
Polearms       | 1 |  1.0
Dodging        | |  0.4

Action                     |  1- 3 |  4- 6 || total
---------------------------+-------+-------++-------
  Melee: War axe           |   118 |    22 ||   140
         Tailslap          |    11 |     2 ||    13
         Maw               |       |     3 ||     3
    Use: Potion            |       |     1 ||     1
   Stab: Sleeping          |       |     1 ||     1
 Armour: Scale mail        |    80 |     7 ||    87
         Skin              |       |     5 ||     5
  Dodge: Dodged            |    40 |     2 ||    42
  Block: Buckler           |    22 |       ||    22
         Tower shield      |    17 |    17 ||    34
   Form: Maw               |       |     1 ||     1

Table legend: (Time is in decaauts)
 A = Elapsed time spent in this place.
 B = Non-inter-level travel time spent in this place.
 C = Inter-level travel time spent in this place.
 D = Time resting spent in this place.
 E = Time spent auto-exploring this place.
 F = Levels seen in this place.
 G = Mean time per level.
                   A        B        C        D        E       F      G
               +--------+--------+--------+--------+--------+-----+--------+
         Total |   1831 |   1803 |     28 |      0 |   1411 |   3 |  610.3 |
       Dungeon |   1831 |   1803 |     28 |      0 |   1411 |   3 |  610.3 |
               +--------+--------+--------+--------+--------+-----+--------+

Top non-repeatable levels by time:
     D:1: 779 daAuts
     D:2: 540 daAuts
     D:3: 511 daAuts
